 Dungeon Crawl Stone Soup version 0.29.1-13-g9f3cf754e1 (webtiles) character file.

Game seed: 2816599061872386020

1316 KittyFluff the Cudgeller (level 8, 0/49 HPs)
             Began as a Gargoyle Berserker on Jan 22, 2023.
             Was a Believer of Trog.
             Slain by an orc warrior
             ... wielding a +0 dire flail
              (10 damage)
             ... on level 6 of the Dungeon.
             The game lasted 00:21:28 (5091 turns).

KittyFluff the Cudgeller (Gargoyle Berserker)       Turns: 5091, Time: 00:21:28

Health: 0/49       AC: 13    Str: 21    XL:     8   Next: 59%
Magic:  8/8        EV: 12    Int:  8    God:    Trog [**....]
Gold:   235        SH:  0    Dex: 11    Spells: 7/7 levels left

rFire   . . .      SeeInvis .   y - +0 flail (drain)
rCold   . . .      Faith    .   (no shield)
rNeg    + . .      Spirit   .   o - +0 leather armour
rPois   ∞          Reflect  .   (no helmet)
rElec   +          Harm     .   u - +0 cloak {Will+}
rCorr   .          Rampage  .   s - +0 pair of gloves
Will    ++...                   g - +0 pair of boots
Stlth   ++........              (no amulet)
HPRegen 0.16/turn               z - ring of willpower
MPRegen 0.11/turn               (no ring)

@: no status effects
A: sickness immunity, AC +5, negative energy resistance 1, electricity
resistance, torment resistance 1, petrification resistance
a: Renounce Religion, Berserk, Trog's Hand


You were on level 6 of the Dungeon.
You worshipped Trog.
Trog was pleased with you.
You visited 1 branch of the dungeon, and saw 6 of its levels.

You collected 235 gold pieces.

Inventory:

Hand Weapons
 a - a +0 mace
 y - a +0 flail of draining (weapon)
Missiles
 e - 44 stones (quivered)
 m - 11 poisoned darts
 n - 2 boomerangs of dispersal
Armour
 g - a +0 pair of boots (worn)
 k - a +0 ring mail
 l - a +0 chain mail of cold resistance
 o - a +0 leather armour (worn)
 s - a +0 pair of gloves (worn)
 u - a +0 cloak of willpower (worn)
Jewellery
 i - a ring of fire
 z - a ring of willpower (left hand)
Wands
 C - a wand of digging (5)
Scrolls
 b - a scroll of poison {unknown}
 c - 3 scrolls of enchant armour {unknown}
 f - 2 scrolls of magic mapping {unknown}
 h - 3 scrolls of fog {unknown}
 j - 4 scrolls of vulnerability
 p - 3 scrolls of immolation {unknown}
 v - 2 scrolls of teleportation {unknown}
 w - 3 scrolls of noise {unknown}
 B - a scroll of summoning {unknown}
 E - a scroll of fear {unknown}
 F - a scroll of blinking {unknown}
Potions
 d - 2 potions of curing {unknown}
 q - 3 potions of haste
 r - a potion of flight
 t - a potion of magic
 x - a potion of might {unknown}
 A - a potion of attraction {unknown}
 D - a potion of degeneration {unknown}


   Skills:
 + Level 5.0 Fighting
 + Level 7.7 Maces & Flails
 * Level 5.3 Armour
 + Level 3.6 Dodging
 + Level 1.8 Stealth


You had 7 spell levels left.
You didn't know any spells.
Your spell library was empty.

Dungeon Overview and Level Annotations

Branches:
Dungeon (6/15)
 Temple: D:4-7

Altars:
Xom

Shops:
D:1 =


Innate Abilities, Weirdness & Mutations

You are immune to sickness and miasma.
Your stone body is resilient. (AC +5)
You are immune to poison.
You resist negative energy. (rN+)
You are resistant to electric shocks. (rElec)
You are resistant to unholy torment.
You are immune to petrification.


Message History

Found two stone staircases leading down.
A scorpion comes into view.
The scorpion stings you but does no damage.
You hit the scorpion. You drain the scorpion.
The scorpion is severely wounded.
The scorpion stings you but does no damage. x2
You hit the scorpion.
The scorpion is severely wounded.
The scorpion stings you but does no damage.
You barely miss the scorpion.
The scorpion is severely wounded.
The scorpion stings you but does no damage.
You sock the scorpion!
You kill the scorpion!
Trog accepts your kill.
You see here a scorpion corpse.
Found 6 gold pieces.
You now have 235 gold pieces (gained 6).
An orc warrior, an orc wizard, an orc and a shadow imp come into view.
You start waiting.
An orc warrior is nearby!
You barely miss the orc warrior.
The orc warrior hits you with a +0 dire flail!
You hit the orc warrior. You drain the orc warrior.
The orc warrior is moderately wounded.
The orc warrior hits you with a +0 dire flail!
You closely miss the orc warrior.
The orc warrior is moderately wounded.
The orc warrior hits you with a +0 dire flail!
You barely miss the orc warrior.
The orc warrior is moderately wounded.
The orc warrior hits you with a +0 dire flail!
* * * LOW HITPOINT WARNING * * *
You barely miss the orc warrior.
The orc warrior is moderately wounded.
The orc warrior closely misses you.
You hit the orc warrior but do no damage.
The orc warrior is moderately wounded.
The orc warrior hits you with a +0 dire flail!
You die...

.#.#..## .....#.
#.....# #.....
#### . #.....
...#.. ##.#....#
....
........##..
.......o#.##
.......#@..#
###.5..#...# #
......o#...# .#
###o...##.###.#
#...o ##...##
#....##.....#
#....#.#...#...#
#.##### ..#
#.#...#...#


You could see an orc warrior (drained).

Vanquished Creatures
  Prince Ribbit (D:5)
  Sigmund (D:3)
  Edmund (D:4)
  A sky beast (D:5)
  3 bullfrogs
  A necrophage (D:6)
  A scorpion (D:6)
  4 hounds (D:5)
  Crazy Yiuf (D:3)
  4 iguanas
  Ijyb (D:5)
  6 adders
  A white imp (D:5)
  An ufetubus (D:5)
  A worm (D:2)
  3 dart slugs
  6 orcs
  5 ball pythons
  8 endoplasms
  3 giant cockroaches
  3 goblins
  2 hobgoblins
  10 jackals
  6 quokkas
  4 bats
  2 frilled lizards
  9 kobolds
  5 rats
94 creatures vanquished.

Notes
Turn   | Place    | Note
-------+----------+-------------------------------------------
     0 | D:1      | KittyFluff the Gargoyle Berserker began the quest for the
                  | Orb.
     0 | D:1      | Reached XP level 1. HP: 14/14 MP: 1/1
   275 | D:1      | Reached XP level 2. HP: 13/19 MP: 2/2
   597 | D:1      | Found Yraet's Jewellery Shop.
  1239 | D:1      | Reached XP level 3. HP: 18/23 MP: 3/3
  1389 | D:2      | Found a shimmering altar of Xom.
  1982 | D:2      | Reached XP level 4. HP: 29/29 MP: 4/4
  2192 | D:2      | Found a faded altar of an unknown god.
  2294 | D:3      | Reached ** piety under Trog
  2449 | D:3      | Reached skill level 4 in Maces & Flails
  2526 | D:3      | Noticed Sigmund
  2546 | D:3      | Killed Sigmund
  2547 | D:3      | Reached skill level 5 in Maces & Flails
  2547 | D:3      | Reached XP level 5. HP: 22/33 MP: 5/5
  2547 | D:3      | Reached XP level 6. HP: 26/38 MP: 6/6
  2915 | D:3      | Found a runed translucent door.
  2916 | D:3      | Noticed Crazy Yiuf
  2927 | D:3      | Killed Crazy Yiuf
  2928 | D:3      | Reached skill level 1 in Stealth
  3531 | D:4      | Noticed Edmund
  3546 | D:4      | Killed Edmund
  3766 | D:4      | Reached XP level 7. HP: 41/43 MP: 7/7
  4091 | D:5      | Entered Level 5 of the Dungeon
  4368 | D:5      | Reached skill level 6 in Maces & Flails
  4464 | D:5      | Noticed Ijyb
  4479 | D:5      | Killed Ijyb
  4635 | D:5      | Noticed Prince Ribbit
  4663 | D:5      | Killed Prince Ribbit
  4664 | D:5      | Reached skill level 7 in Maces & Flails
  4664 | D:5      | Reached XP level 8. HP: 30/48 MP: 8/8
  4871 | D:6      | Reached skill level 5 in Armour
  5010 | D:6      | Reached skill level 5 in Fighting
  5091 | D:6      | Slain by an orc warrior

Illustrated notes

Levels and vault maps discovered:
D:1:      saegor_arrival_miasma, layout_basic, serial_shops, shop_statue
D:2:      layout_basic, shapermc_ecumenical_altar_hornbeckon, basic_altar,
          st_stairs_11, minmay_liquid_box
D:3:      layout_basic, serial_curves, eino_curves_01, eino_curves_02,
          eino_curves_01, eino_curves_03, uniq_sigmund, uniq_crazy_yiuf_cottage
D:4:      layout_cave_pods, minmay_misc_feat_secret_circle, roderic_lattice_a,
          uniq_edmund
D:5:      layout_loops_ring, uniq_ijyb, uniq_prince_ribbit1
D:6:      nicolae_cairo_tiling, layout_basic, lemuel_coloured_pillars_altar,
          gammafunk_temple_overflow_pools, minmay_temple_entry_statues

Skill      XL: |  1  2  3  4  5  6  7  8 |
---------------+-------------------------+-----
Dodging        | 2 3 |  3.6
Maces & Flails | 5 7 |  7.7
Armour         | 3 4 5 |  5.3
Fighting       | 4 5 |  5.0
Stealth        | 1 |  1.8

Action                   |  1- 3 |  4- 6 |  7- 9 || total
-------------------------+-------+-------+-------++-------
Melee: Mace              |   124 |    53 |       ||   177
       Punch             |     2 |     1 |     4 ||     7
       Flail             |       |    61 |   151 ||   212
Invok: Berserk           |       |     2 |       ||     2
  Use: Scroll            |     1 |     3 |       ||     4
Armor: Animal skin       |    44 |       |       ||    44
       Leather armour    |     4 |    44 |    81 ||   129
Dodge: Dodged            |    70 |    64 |    92 ||   226
